 Dungeon Crawl Stone Soup version 0.30-a0-639-g3916f1956a (webtiles) character file.

Game seed: 4101101581883381899

114 Sabo the Firebug (level 4, -1/30 HPs)
             Began as a Demonspawn Fire Elementalist on Jan 15, 2023.
             Slain by an iguana (13 damage)
             ... on level 3 of the Dungeon.
             The game lasted 00:16:06 (3633 turns).

Sabo the Firebug (Demonspawn Fire Elementalist)     Turns: 3633, Time: 00:16:07

Health: -1/30      AC:  3    Str:  9    XL:     4   Next: 67%
Magic:  1/8        EV: 15    Int: 18    God:
Gold:   103        SH:  0    Dex: 13    Spells: 6/9 levels left

rFire   . . .      SeeInvis .    k - +1 short sword
rCold   . . .      Faith    .    (no shield)
rNeg    . . .      Spirit   .    a - +0 robe
rPois   .          Reflect  .    (helmet restricted)
rElec   .          Harm     .    (no cloak)
rCorr   .          Rampage  .    (no gloves)
Will    ++...                    o - +0 pair of boots
Stlth   ++                       (no amulet)
HPRegen 0.25/turn                s - ring of willpower
MPRegen 0.11/turn                t - ring of willpower

@: no status effects
A: antennae 1, repulsion field 2
a: no special abilities


You were on level 3 of the Dungeon.
You visited 1 branch of the dungeon, and saw 3 of its levels.

You collected 103 gold pieces.

Inventory:

Hand Weapons
 k - a +1 short sword (weapon)
 u - a +1 dagger of electrocution
Missiles
 d - a boomerang (quivered)
 i - 10 poisoned darts
 m - 2 curare-tipped darts
Armour
 a - a +0 robe (worn)
 o - a +0 pair of boots (worn)
Jewellery
 s - a ring of willpower (left hand)
 t - a ring of willpower (right hand)
Scrolls
 c - 2 scrolls of enchant weapon
 e - a scroll of vulnerability {unknown}
 g - 2 scrolls of teleportation {unknown}
 h - 2 scrolls of identify {unknown}
 n - a scroll of amnesia {unknown}
 q - a scroll of poison {unknown}
 r - 2 scrolls of blinking {unknown}
Potions
 b - a potion of magic
 f - 3 potions of attraction {unknown}
 j - 2 potions of degeneration {unknown}
 l - 5 potions of curing {unknown}
 p - a potion of ambrosia {unknown}
 v - a potion of resistance {unknown}


   Skills:
 + Level 0.8 Throwing
 + Level 2.0 Dodging
 + Level 2.0 Stealth
 + Level 0.1 Unarmed Combat
 + Level 3.2 Spellcasting
 + Level 1.1 Conjurations
 + Level 3.7 Fire Magic


You had 6 spell levels left.
You knew the following spells:

 Your Spells              Type           Power      Damage    Failure   Level
a - Foxfire               Conj/Fire      44%        2x1d6     6%          1
b - Scorch                Fire           32%        2d7       5%          2

Your spell library contained the following spells:

 Spells                   Type           Power      Damage    Failure   Level
 Apportation              Tloc           4%         N/A       16%         1
 Sandblast                Erth           4%         2d4       16%         1
 Inner Flame              Hex/Fire       9%         N/A       22%         3
 Passwall                 Tmut/Erth      1%         N/A       24%         2
 Ignite Poison            Fire/Tmut/Pois 7%         N/A       28%         3
 Kindle Blastsparks       Fire/Tloc/Air  14%        2d11      28%         3
 Stone Arrow              Conj/Erth      8%         3d7       36%         3
 Flame Wave               Conj/Fire      11%        2d6       52%         4
 Freezing Cloud           Conj/Ice/Air   2%         6-21      98%         5
 Alistair's Intoxication  Tmut/Pois      1%         N/A       99%         5


Dungeon Overview and Level Annotations

Branches:
Dungeon (3/15)

Altars:


Innate Abilities, Weirdness & Mutations

You have a pair of small antennae on your head.
You are surrounded by a moderate repulsion field. (EV +3)


Message History

The adder poisons you!
Unknown command.
Casting: Scorch (safe; 5% risk of failure)
Confirm with . or Enter, or press ? or * to list all spells.
Flames lash the adder.
The adder is burned terribly!
You kill the adder!
You feel sick.
Unknown command.
Casting: Scorch (safe; 5% risk of failure)
Confirm with . or Enter, or press ? or * to list all spells.
Flames lash the iguana.
The iguana is lightly wounded.
The iguana's fire resistance burns away.
You feel sick.
Unknown command.
Casting: Scorch (safe; 5% risk of failure)
Confirm with . or Enter, or press ? or * to list all spells.
Flames lash the iguana but do no damage.
You feel sick. The iguana barely misses you.
Unknown command.
You hit the iguana.
The iguana is lightly wounded.
You feel sick. The iguana completely misses you.
You completely miss the iguana.
The iguana is lightly wounded.
You feel sick.
The iguana is no longer more vulnerable to fire.
The iguana closely misses you.
You hit the iguana.
The iguana is moderately wounded.
You feel sick. The iguana barely misses you.
You completely miss the iguana.
The iguana is moderately wounded.
You feel sick.
You are no longer poisoned.
The iguana bites you!
You hit the iguana.
The iguana is moderately wounded.
The iguana bites you!
You die...

# #.##################
...................#
#..............###.#
#.####..######.# #.#
#..# #.# #.# #..# #.#
#.# ####..######.# #.#
#...@........# #.# #
#...l........# #.# #.
#............# #.# #.?
#............# #.#
.#...####..######.###.#
......................#
....###.#.##.####.#####
##..###l#.##..###.####
.................>...#


You could see an iguana.

Vanquished Creatures
  5 adders
  A worm (D:2)
  A dart slug (D:2)
  6 bats
  6 endoplasms
  3 giant cockroaches
  6 goblins
  4 hobgoblins
  12 jackals
  A quokka (D:1)
  A ball python (D:1)
  A frilled lizard (D:1)
  6 kobolds
  5 rats
58 creatures vanquished.

Vanquished Creatures (others)
  65 foxfires (D:1)
65 creatures vanquished.

Grand Total: 123 creatures vanquished

Notes
Turn   | Place    | Note
-------+----------+-------------------------------------------
     0 | D:1      | Sabo the Demonspawn Fire Elementalist began the quest for
                  | the Orb.
     0 | D:1      | Reached XP level 1. HP: 13/13 MP: 3/3
   213 | D:1      | Gained mutation: You are surrounded by a mild repulsion
                  | field. (EV +2) [demonic ancestry]
   213 | D:1      | Reached XP level 2. HP: 10/19 MP: 0/5
   678 | D:1      | Gained mutation: You are surrounded by a moderate repulsion
                  | field. (EV +3) [demonic ancestry]
   678 | D:1      | Reached XP level 3. HP: 5/24 MP: 1/6
   679 | D:1      | HP: 1/24 [jackal (3)]
   952 | D:1      | Learned a level 2 spell: Scorch
  2664 | D:2      | Gained mutation: You have a pair of small antennae on your
                  | head. [demonic ancestry]
  2664 | D:2      | Reached XP level 4. HP: 30/30 MP: 1/8
  3633 | D:3      | Slain by an iguana

Illustrated notes

Levels and vault maps discovered:
D:1:      dpeg_arrival_pond, layout_basic, minmay_quantized
D:2:      layout_loops_ring
D:3:      layout_basic

Skill      XL: |  1  2  3  4 |
---------------+-------------+-----
Fire Magic     | 3 |  3.7
Dodging        | 2 |  2.0
Spellcasting   | 3 |  3.2
Stealth        | 2 |  2.0
Throwing       | |  0.8
Unarmed Combat | |  0.1
Conjurations   | |  1.1

Action                   |  1- 3 |  4- 6 || total
-------------------------+-------+-------++-------
Melee: Unarmed           |    18 |       ||    18
       Short sword       |     5 |    30 ||    35
Throw: Boomerang         |    33 |       ||    33
 Cast: Foxfire           |    38 |       ||    38
       Scorch            |    20 |    14 ||    34
  Use: Scroll            |     1 |       ||     1
Armor: Robe              |    22 |     4 ||    26
Dodge: Dodged            |    91 |    28 ||   119

Table legend: (Time is in decaauts)
 A = Elapsed time spent in this place.
 B = Non-inter-level travel time spent in this place.
 C = Inter-level travel time spent in this place.
 D = Time resting spent in this place.
 E = Time spent auto-exploring this place.
 F = Levels seen in this place.
 G = Mean time per level.
                   A        B        C        D        E       F      G
               +--------+--------+--------+--------+--------+-----+--------+
         Total |   3640 |   3640 |      0 |   1374 |      0 |   3 | 1213.3 |
       Dungeon |   3640 |   3640 |      0 |   1374 |      0 |   3 | 1213.3 |
               +--------+--------+--------+--------+--------+-----+--------+

Top non-repeatable levels by time:
     D:2: 1708 daAuts
     D:1: 1378 daAuts
     D:3: 553 daAuts
